 Dungeon Crawl Stone Soup version 0.18-a0-816-g97f838e (webtiles) character file.

11293 cluie the Destroyer (level 11, -9/86 HPs)
             Began as a Demonspawn Air Elementalist on Dec 15, 2015.
             Was an Initiate of Gozag.
             Killed by Ozocubu's Refrigeration
             ... invoked by Fannar
              (24 damage)
             ... on level 11 of the Dungeon.
             The game lasted 00:22:06 (8826 turns).

cluie the Destroyer (Demonspawn Air Elementalist)   Turns: 8826, Time: 00:22:06

Health: -9/86      AC: 15    Str:  8    XL:     11   Next: 47%
Magic:  0/22       EV: 16    Int: 19    God:    Gozag
Gold:   602        SH:  2    Dex: 15    Spells: 4 memorised, 14 levels left

rFire  . . .     SeeInvis +     a - +1 quarterstaff (protect)
rCold  . . .     Clarity  .     T - +2 robe {rN+}
rNeg   + . .     SustAt   .     (shield currently unavailable)
rPois  .         Gourm    .     (helmet unavailable)
rElec  .         Spirit   +     (no cloak)
rCorr  .         Dismiss  .     j - +2 pair of gloves
rMut   .         Stasis   .     N - +0 pair of boots
MR     .....                    D - amulet of guardian spirit
Stlth  ++........               (no ring)
                                m - ring of wizardry

@: not resistant to hostile enchantments, unstealthy
A: antennae 3, large bone plates 1, powered by death 1, spiny 2
a: Potion Petition, Call Merchant, Bribe Branch, Renounce Religion


You were on level 11 of the Dungeon.
You worshipped Gozag.
Gozag was noncommittal.
You were not hungry.

You visited 2 branches of the dungeon, and saw 12 of its levels.

You collected 1375 gold pieces.
You paid 773 gold pieces to Gozag.

Inventory:

Hand Weapons
 a - a +1 quarterstaff of protection (weapon)
 b - a +0 blowgun
Missiles
 q - 3 curare-tipped needles
 O - a throwing net (quivered)
Armour
 f - a +0 buckler
 j - a +2 pair of gloves (worn)
 N - a +0 pair of boots (worn)
 T - a +2 robe of positive energy (worn)
Jewellery
 m - a ring of wizardry (left hand)
 r - an uncursed amulet of harm
 D - an amulet of guardian spirit (around neck)
 E - the ring "Xupt" {+Fly rElec rF+ EV-5}
   (You found it on level 8 of the Dungeon)

   [ring of evasion]

   It affects your evasion (-5).
   It protects you from fire.
   It insulates you from electricity.
   It lets you fly.
Wands
 d - a wand of digging (13)
 u - a wand of polymorph (5)
 J - a wand of draining (15)
 K - a wand of cold (4)
 M - a wand of confusion (20)
 P - a wand of lightning (11)
 Q - a wand of frost (22)
 R - a wand of fireball (11)
Scrolls
 e - 2 scrolls of noise
 g - 4 scrolls of amnesia
 h - 8 scrolls of remove curse
 s - a scroll of silence {unknown}
 v - a scroll of enchant weapon
 x - a scroll of magic mapping
 y - 2 scrolls of fear
 z - 2 scrolls of teleportation
 B - a scroll of enchant armour {unknown}
 L - 4 scrolls of recharging
Potions
 i - a potion of invisibility
 k - 2 potions of curing
 n - 3 potions of lignification
 o - 3 potions of mutation
 p - 2 potions of heal wounds
 t - a potion of haste {unknown}
 w - a potion of berserk rage
 A - a potion of ambrosia {unknown}
 F - a potion of might {unknown}
 G - 2 potions of agility
 H - 2 potions of flight {unknown}
 I - a potion of brilliance {unknown}
Books
 C - a book of Party Tricks

   Spells                             Type                      Level
   a - Summon Butterflies             Summoning                    1
   b - Apportation                    Translocation                1
   c - Tukima's Dance                 Hexes                        3
   d - Alistair's Intoxication        Transmutation/Poison         4
   e - Invisibility                   Hexes                        6
 S - a book of Air

   Spells                             Type                      Level
   a - Shock                          Conjuration/Air              1
   b - Swiftness                      Charms/Air                   2
   c - Repel Missiles                 Charms/Air                   2
   d - Static Discharge               Conjuration/Air              3
   e - Lightning Bolt                 Conjuration/Air              5
Comestibles
 c - 9 bread rations
 l - 3 meat rations


   Skills:
 + Level 8.2 Fighting
 + Level 6.4 Dodging
 - Level 1.7 Stealth
 + Level 7.7 Spellcasting
 + Level 9.6 Conjurations
 + Level 8.0 Air Magic


You had 14 spell levels left.
You knew the following spells:

 Your Spells              Type           Power        Failure   Level  Hunger
a - Shock                 Conj/Air       ####         1%          1    None
b - Repel Missiles        Chrm/Air       ###...       1%          2    None
c - Static Discharge      Conj/Air       #####...     1%          3    #......
d - Lightning Bolt        Conj/Air       #####.....   4%          5    #####..


Dungeon Overview and Level Annotations

Branches:
Dungeon (11/15)            Temple (1/1) D:5            Lair (0/8) D:9
    Orc (0/2) D:10

Altars:
Ashenzari
Cheibriados
Dithmenos
Elyvilon
Fedhas
Gozag
Kikubaaqudgha
Makhleb
Nemelex Xobeh
Okawaru
Pakellas
Qazlal
Ru
Sif Muna
Trog
Vehumet
Xom
Yredelemnul
Zin
The Shining One

Shops:
D:5 ?   D:10 :(

Annotations:
D:11 Fannar


Innate Abilities, Weirdness & Mutations

You have a pair of large antennae on your head (SInv).
You are partially covered in large bone plates (AC +2, SH +2).
You regenerate a little health from kills.
You are mostly covered in sharp spines.


Message History

The lightning grounds out.
You block Fannar's attack.
Unknown command.
You hit Fannar.
Fannar is severely wounded.
You feel less regenerative. Fannar gestures at you while chanting.
The bolt of cold hits you!
Unknown command.
You hit Fannar but do no damage.
Fannar is severely wounded.
Fannar hits you with a quarterstaff of freezing!
* * * LOW HITPOINT WARNING * * *
Fannar freezes you.
* * * LOW HITPOINT WARNING * * *
Fannar says, "An icy embrace awaits you..."
Fannar gestures wildly while chanting.
Fannar drains the heat from the surrounding environment!
You feel very cold.
You die...
Your body crumbles into a pile of gold.

.... ....#.#.###....####.#...
..... ..................#.#...
..... ####.##......#.#.#...
.....#########)##......#.#.####
..............((...........)...
###................$.........####
.........................#.......
......#...())...$........#[#....≈
......##.(.).)..@........#..≈≈≈≈≈
......##...)..(e......#####≈≈≈≈≈≈
...............(......# ≈≈≈≈≈≈≈≈
.≈≈.............#.....##≈≈≈≈≈≈≈≈≈
((≈e............#...≈≈≈≈≈≈≈≈≈≈≈≈.
≈..≈≈......######..≈≈≈≈≈≈≈≈≈.≈≈≈#
...#≈≈≈....# #≈≈≈....#....... ..
#.≈≈≈≈.... ≈≈≈≈....# .
.....≈≈≈≈≈≈≈≈≈≈≈≈.......


You could see Fannar.

Vanquished Creatures
  Erolcha (D:9)
  Josephine (D:10)
  Pikel (D:6)
  An ugly thing (D:9)
  A cyclops (D:11)
  A griffon (D:10)
  A kobold demonologist (D:11)
  2 two-headed ogres (D:11)
  A fire drake (D:9)
  Grinder (D:4)
  Sigmund (D:6)
  A wyvern (D:9)
  3 yaks (D:10)
  4 wraiths (D:10)
  A hungry ghost (D:11)
  Grum (D:7)
  Edmund (D:5)
  A hippogriff (D:8)
  4 wolves
  Menkaure (D:6)
  A sky beast (D:5)
  2 ice beasts
  A necrophage (D:7)
  3 ogres
  3 black bears
  3 centaurs
  3 orc warriors
  2 phantoms
  A crocodile (D:11)
  A slave (D:6)
  5 giant frogs
  3 big kobolds
  A wyvern skeleton (D:9)
  4 scorpions
  8 killer bees (D:10)
  5 wights (D:9)
  6 crimson imps
  2 giant frog zombies
  4 orc priests
  12 orc wizards
  2 electric eels (D:11)
  A centaur skeleton (D:8)
  A centaur zombie (D:5)
  3 quasits
  A giant frog skeleton (D:10)
  3 jellies
  An iguana (D:6)
  8 hounds
  4 worker ants
  A hound zombie (D:7)
  2 hound skeletons
  3 gnolls (D:4)
  A worker ant zombie (D:10)
  11 adders
  3 shadow imps
  An ooze (D:2)
  An adder zombie (D:9)
  An adder skeleton (D:4)
  6 worms
  A giant gecko (D:8)
  34 orcs
  A ball python (D:2)
  9 bats
  6 giant cockroaches
  6 goblins
  5 hobgoblins
  6 jackals
  6 quokkas
  A giant cockroach zombie (D:6)
  4 giant gecko skeletons
  A giant gecko zombie (D:6)
  3 giant newts
  A jackal skeleton (D:5)
  9 kobolds
  6 rats
252 creatures vanquished.

Vanquished Creatures (others)
  A hound (D:6)
  An adder (D:7)
  4 orcs
  A giant cockroach (D:6)
  A kobold (D:11)
8 creatures vanquished.

Grand Total: 260 creatures vanquished

Notes
Turn   | Place    | Note
--------------------------------------------------------------
     0 | D:1      | cluie the Demonspawn Air Elementalist began the quest for the Orb.
     0 | D:1      | Reached XP level 1. HP: 13/13 MP: 3/3
   240 | D:1      | Gained mutation: You have a pair of small antennae on your head. [demonic ancestry]
   240 | D:1      | Reached XP level 2. HP: 16/19 MP: 5/5
   843 | D:2      | Gained mutation: You are partially covered in sharp spines. [demonic ancestry]
   843 | D:2      | Reached XP level 3. HP: 10/25 MP: 4/6
   918 | D:2      | Reached skill level 3 in Air Magic
   941 | D:2      | Learned a level 2 spell: Repel Missiles
   945 | D:2      | Learned a level 3 spell: Static Discharge
  1746 | D:3      | Gained mutation: You are mostly covered in sharp spines. [demonic ancestry]
  1746 | D:3      | Reached XP level 4. HP: 29/31 MP: 7/7
  1778 | D:3      | Reached skill level 1 in Fighting
  1865 | D:3      | Noticed an ogre
  1888 | D:3      | Killed an ogre
  1888 | D:3      | Gained mutation: You have a pair of antennae on your head. [demonic ancestry]
  1888 | D:3      | Reached XP level 5. HP: 24/38 MP: 2/9
  2053 | D:3      | fuck
  2084 | D:3      | aaaa
  2130 | D:4      | Noticed a phantom
  2136 | D:4      | Reached skill level 4 in Conjurations
  2136 | D:4      | Gained mutation: You are partially covered in large bone plates (AC +2, SH +2). [demonic ancestry]
  2136 | D:4      | Reached XP level 6. HP: 44/44 MP: 3/10
  2264 | D:4      | Reached XP level 7. HP: 51/51 MP: 12/12
  2375 | D:4      | Reached skill level 5 in Conjurations
  2380 | D:4      | Noticed Grinder
  2754 | D:4      | Killed Grinder
  2821 | D:5      | Entered Level 5 of the Dungeon
  2821 | D:5      | Noticed Edmund
  2831 | D:5      | Found a staircase to the Ecumenical Temple.
  2856 | D:5      | Killed Edmund
  2856 | D:5      | Reached XP level 8. HP: 47/60 MP: 14/14
  2912 | D:5      | Reached skill level 6 in Conjurations
  2995 | D:5      | Reached skill level 5 in Air Magic
  3061 | D:5      | Learned a level 5 spell: Lightning Bolt
  3153 | D:5      | Found Horr's Magic Scroll Shop.
  3620 | Temple   | Entered the Ecumenical Temple
  3960 | D:6      | Noticed Sigmund
  3993 | D:6      | Killed Sigmund
  3993 | D:6      | Reached skill level 5 in Spellcasting
  3995 | D:6      | Reached skill level 7 in Conjurations
  4003 | D:6      | Reached skill level 5 in Fighting
  4103 | D:6      | Noticed Pikel
  4109 | D:6      | Killed Pikel
  4109 | D:6      | Gained mutation: You have a pair of large antennae on your head (SInv). [demonic ancestry]
  4109 | D:6      | Reached XP level 9. HP: 58/68 MP: 12/17
  4917 | D:6      | Noticed Menkaure
  4921 | D:6      | Killed Menkaure
  5304 | D:7      | Found a shimmering altar of Xom.
  5462 | D:8      | Noticed Grum
  5520 | D:7      | Reached skill level 8 in Conjurations
  5528 | D:7      | Killed Grum
  5739 | D:8      | Gained mutation: You regenerate a little health from kills. [demonic ancestry]
  5739 | D:8      | Reached XP level 10. HP: 77/77 MP: 19/19
  5743 | D:8      | haha pbd
  5743 | D:8      | awesome!
  6266 | D:8      | Found a snail-covered altar of Cheibriados.
  6272 | D:8      | Found an opulent altar of Gozag.
  6272 | D:8      | Found a radiant altar of Vehumet.
  6272 | D:8      | Found an ancient bone altar of Kikubaaqudgha.
  6273 | D:8      | Found a bloodstained altar of Trog.
  6280 | D:8      | Became a worshipper of Gozag Ym Sagoz the Greedy
  6315 | D:8      | Got a heavily runed copper ring
  6490 | D:8      | Identified the cursed ring "Xupt" {+Fly rElec rF+ EV-5} (You found it on level 8 of the Dungeon)
  6822 | D:9      | Found a white marble altar of Elyvilon.
  6822 | D:9      | Found a glowing silver altar of Zin.
  6823 | D:9      | Found a glowing golden altar of the Shining One.
  6868 | D:9      | Noticed Erolcha
  6875 | D:9      | Killed Erolcha
  6875 | D:9      | Reached skill level 5 in Dodging
  6887 | D:9      | Found a staircase to the Lair.
  6888 | D:9      | Noticed a brown ugly thing
  6913 | D:9      | Killed a brown ugly thing
  7330 | D:9      | Found a sacrificial altar of Ru.
  7514 | D:10     | Entered Level 10 of the Dungeon
  7559 | D:10     | Found a staircase to the Orcish Mines.
  7630 | D:10     | Found Bif Imma's Weapon Boutique.
  7756 | D:10     | Reached skill level 9 in Conjurations
  7820 | D:10     | Noticed a griffon
  7825 | D:10     | Killed a griffon
  7825 | D:10     | Reached XP level 11. HP: 70/85 MP: 8/21
  8121 | D:10     | Noticed Josephine
  8148 | D:10     | Killed Josephine
  8531 | D:11     | Noticed a hill giant
  8795 | D:11     | Noticed Fannar
  8826 | D:11     | Killed from afar by Fannar

Vault maps used:
D:1:      lightli_arrival_flooded_house, minmay_parallelograms, grunt_decor_cap
D:3:      first_bread
D:4:      uniq_grinder
D:5:      minmay_temple_entry_statues, serial_shops, nicolae_shop_stone,
          grunt_ministairs_14, uniq_edmund
D:6:      uniq_pikel, uniq_menkaure, uniq_sigmund
D:7:      xom_teletrap_fun
D:8:      minitemple, uniq_grum
D:9:      good_gods_temple_1, nicolae_ru_path_of_blood, minmay_lair_entry_lava,
          uniq_erolcha
D:10:     orc_david_3, uniq_josephine
D:11:     uniq_fannar
Temple:   triangle_lava_temple_11

Action                   |  1- 3 |  4- 6 |  7- 9 | 10-12 || total
-------------------------+-------+-------+-------+-------++-------
Melee: Unarmed           |     9 |       |    16 |       ||    25
       Mace              |    73 |    30 |    59 |       ||   162
       Quarterstaff      |       |       |    86 |   214 ||   300
 Fire: Blowgun           |       |       |       |     4 ||     4
 Cast: Shock             |    23 |     7 |    22 |    11 ||    63
       Static Discharge  |       |     2 |    14 |    15 ||    31
       Repel Missiles    |       |       |     1 |       ||     1
       Lightning Bolt    |       |       |       |     6 ||     6
Invok: Call Merchant     |       |       |       |     1 ||     1
Evoke: Wand              |       |       |       |     2 ||     2
  Use: Scroll            |       |     8 |     5 |    12 ||    25
       Potion            |       |       |     2 |       ||     2
 Stab: Sleeping          |     7 |     2 |     2 |     4 ||    15
       Distracted        |     1 |       |       |     2 ||     3
  Eat: Chunk             |     3 |     2 |    12 |     2 ||    19
       Beef jerky        |       |       |       |     3 ||     3
       Meat ration       |       |       |       |     2 ||     2
